 Dungeon Crawl Stone Soup version 0.22-a0-348-gd16d1391c7 (webtiles) character file.

128 Laan the Chopper (level 5, -2/41 HPs)
             Began as a Formicid Fighter on Apr 9, 2018.
             Killed by nerve-wracking pain
             ... invoked by Grinder
              (6 damage)
             ... on level 3 of the Dungeon.
             The game lasted 00:03:40 (1777 turns).

Laan the Chopper (Formicid Fighter)                 Turns: 1777, Time: 00:03:41

Health: -2/41      AC:  0    Str: 27    XL:     5   Next: 34%
Magic:  5/5        EV: 10    Int:  7    God:
Gold:   136        SH:  0    Dex: 10    Spells: 4/4 levels left

rFire    . . .     SeeInvis .   (weapon currently unavailable)
rCold    . . .     Gourm    .   (shield currently unavailable)
rNeg     . . .     Faith    .   (armour currently unavailable)
rPois    .         Spirit   .   (helmet unavailable)
rElec    .         Reflect  .   (cloak currently unavailable)
rCorr    .         Harm     .   (gloves currently unavailable)
MR       .....                  (boots currently unavailable)
Stlth    +.........             (no amulet)
HPRegen  0.13/turn              (ring currently unavailable)
MPRegen  0.09/turn              (ring currently unavailable)

@: mighty, pig-form, constricted, very quick
A: small, permanent stasis, dig shafts and tunnels, four strong arms
a: no special abilities


You were on level 3 of the Dungeon.
You were not hungry.
You were a filthy swine.
You visited 1 branch of the dungeon, and saw 3 of its levels.

You collected 136 gold pieces.

Inventory:

Hand Weapons
 a - a +0 war axe (melded)
Armour
 b - a +0 scale mail (melded)
 c - a +0 shield (melded)
Jewellery
 i - a +4 ring of intelligence (melded)
 n - a ring of resist corrosion (melded)
Scrolls
 e - a scroll of enchant armour {unknown}
 l - a scroll of identify {unknown}
 m - a scroll of noise {unknown}
 o - a scroll of teleportation {unknown}
Potions
 h - 3 potions of degeneration {unknown}
 j - a potion of flight {unknown}
 k - 2 potions of lignification {unknown}
 p - a potion of mutation {unknown}
Comestibles
 f - 7 rations
 g - 12 chunks of flesh


   Skills:
 - Level 3.2 Fighting
 + Level 5.1 Axes
 - Level 3.2 Armour
 - Level 3.6 Shields


You had 4 spell levels left.
You didn't know any spells.

Dungeon Overview and Level Annotations

Branches:
Dungeon (3/15)

Altars:
Ru

Annotations:
D:3 Grinder


Innate Abilities, Weirdness & Mutations

You cannot be hasted, slowed, berserked, paralysed or teleported.
You can dig through walls and to a lower floor.
Your four strong arms can wield two-handed weapons with a shield.
((You have a pair of large antennae on your head. (SInv)))


Message History

Grinder is lightly wounded.
Grinder zaps a wand.
You resist with some effort. The adder skeleton bites you.
* * * LOW HITPOINT WARNING * * *
You feel very mighty all of a sudden. Grinder closely misses you.
The adder skeleton barely misses you.
The ball python skeleton barely misses you.
The ball python skeleton closely misses you.
You bite Grinder!
Grinder is moderately wounded.
Grinder zaps a wand.
The adder skeleton completely misses you.
The ball python skeleton barely misses you.
The ball python skeleton grabs you.
* * * LOW HITPOINT WARNING * * *
The ball python skeleton constricts you.
You bite Grinder!
Grinder is heavily wounded.
Grinder gestures at you. Pain shoots through your body!
You die...

#. #.# #.# ## #.# ..
###.### .# .....## .# .#
######.#..#######.##..#.
................5)......
######.##.##....hZ....#
#.##.##.###.Z#...#
#.##..#.# #.## ...
#.##..#.# #.# #
#.##..#.# #(# #.##..#.#
#.# #.##..#.# #.#
#.##....# #.# #.##.#..#


You could see Grinder, a ball python skeleton and an adder skeleton.

Vanquished Creatures
  A bullfrog skeleton (D:3)
  4 adders
  2 worms (D:3)
  A dart slug (D:1)
  6 orcs (D:3)
  3 giant cockroaches
  4 goblins
  4 hobgoblins
  5 jackals
  7 kobolds
  6 bats
  5 frilled lizards
  5 rats
53 creatures vanquished.

Notes
Turn   | Place    | Note
-------+----------+-------------------------------------------
     0 | D:1      | Laan the Formicid Fighter began the quest for the Orb.
     0 | D:1      | Reached XP level 1. HP: 18/18 MP: 1/1
   117 | D:1      | Reached XP level 2. HP: 24/24 MP: 2/2
   275 | D:1      | Reached skill level 3 in Axes
   506 | D:1      | Reached XP level 3. HP: 28/29 MP: 3/3
   874 | D:2      | Reached skill level 4 in Axes
   874 | D:2      | Reached XP level 4. HP: 28/35 MP: 4/4
  1419 | D:3      | Reached XP level 5. HP: 37/41 MP: 5/5
  1457 | D:3      | Found a sacrificial altar of Ru.
  1606 | D:3      | Reached skill level 5 in Axes
  1766 | D:3      | Noticed Grinder
  1777 | D:3      | Killed from afar by Grinder

Vault maps used:
D:1:      saegor_arrival_simple_a, minmay_misc_feat_room, serial_bayou_pond_a
D:3:      hangedman_ru_absence, uniq_grinder

Skill      XL: |  1  2  3  4  5 |
---------------+----------------+-----
Axes           | 3 4 5 |  5.1
Fighting       | |  3.2
Armour         | |  3.2
Shields        | |  3.6

Action                   |  1- 3 |  4- 6 || total
-------------------------+-------+-------++-------
Melee: War axe           |    96 |    66 ||   162
       Unarmed           |       |     6 ||     6
  Use: Potion            |       |     1 ||     1
  Eat: Chunk             |       |     3 ||     3
Armor: Scale mail        |    51 |    30 ||    81
Dodge: Dodged            |    36 |    19 ||    55
Block: Shield            |    53 |    33 ||    86

Table legend:
 A = Spawn XP
 B = Non-spawn XP
 C = Spawn XP percentage of total XP
 D = Spawn monster count
 E = Non-spawn monster count
 F = Spawn count percentage of total count
 G = Total turns spent on level
                    A         B        C        D         E        F      G
               +---------+---------+-------+---------+---------+-------+---------
         Total |       0 |     184 |   0.0 |       0 |      53 |   0.0 |  1777
               +---------+---------+-------+---------+---------+-------+---------
           D:1 |       0 |      30 |   0.0 |       0 |      17 |   0.0 |   644
           D:2 |       0 |      55 |   0.0 |       0 |      13 |   0.0 |   707
           D:3 |       0 |      99 |   0.0 |       0 |      23 |   0.0 |   426
               +---------+---------+-------+---------+---------+-------+---------
